 Dungeon Crawl Stone Soup version 0.29.1-12-g30fa7ad0bf (webtiles) character file.

Game seed: 9260683052855351976

151 Coaxmetal the Digger (level 5, -3/30 HPs)
             Began as a Gargoyle Earth Elementalist on Dec 18, 2022.
             Slain by an orc priest
             ... wielding a +0 falchion of holy wrath
              (8 damage)
             ... on level 3 of the Dungeon.
             The game lasted 00:03:48 (2809 turns).

Coaxmetal the Digger (Gargoyle Earth Elementalist)  Turns: 2809, Time: 00:03:50

Health: -3/30      AC:  8    Str: 11    XL:     5   Next: 33%
Magic:  1/9        EV: 12    Int: 18    God:
Gold:   175        SH:  0    Dex: 10    Spells: 2/9 levels left

rFire   . . .      SeeInvis .   b - +0 sling
rCold   . . .      Faith    .   (no shield)
rNeg    + . .      Spirit   .   h - +0 robe
rPois   ∞          Reflect  .   l - +0 helmet
rElec   +          Harm     .   d - +0 cloak
rCorr   .          Rampage  .   (no gloves)
Will    .....                   (no boots)
Stlth   ++........              (no amulet)
HPRegen 0.10/turn               (no ring)
MPRegen 0.11/turn               (no ring)

@: no status effects
A: sickness immunity, AC +4, negative energy resistance 1, electricity
resistance, torment resistance 1, petrification resistance
a: no special abilities


You were on level 3 of the Dungeon.
You visited 1 branch of the dungeon, and saw 3 of its levels.

You collected 175 gold pieces.

Inventory:

Hand Weapons
 a - a +0 mace of holy wrath
 b - a +0 sling (weapon)
Armour
 d - a +0 cloak (worn)
 h - a +0 robe (worn)
 l - a +0 helmet (worn)
Jewellery
 j - a ring of see invisible
Scrolls
 c - 2 scrolls of teleportation {unknown}
 e - 2 scrolls of amnesia {unknown}
 g - 2 scrolls of fog {unknown}
 i - 2 scrolls of immolation {unknown}
 k - a scroll of fear {unknown}
 m - 3 scrolls of noise {unknown}
 q - 2 scrolls of identify {unknown}
 r - a scroll of poison {unknown}
Potions
 f - a potion of flight {unknown}
 n - a potion of magic
 o - 3 potions of curing {unknown}
 p - 2 potions of haste {unknown}
 s - a potion of heal wounds {unknown}
 t - 2 potions of attraction {unknown}
 u - a potion of resistance {unknown}


   Skills:
 + Level 2.1 Fighting
 + Level 2.4 Dodging
 - Level 2.1 Stealth
 + Level 2.8 Spellcasting
 + Level 0.9 Conjurations
 - Level 0.7 Transmutations
 + Level 0.4 Air Magic
 + Level 4.5 Earth Magic
 + Level 0.8 Poison Magic


You had 2 spell levels left.
You knew the following spells:

 Your Spells              Type           Power      Damage    Failure   Level
a - Sandblast             Erth           36%        2d10      2%          1
b - Mephitic Cloud        Conj/Pois/Air  5%         N/A       36%         3
c - Swiftness             Air            4%         N/A       38%         3

Your spell library contained the following spells:

 Spells                   Type           Power      Damage    Failure   Level
 Passwall                 Tmut/Erth      10%        N/A       9%          2
 Magic Dart               Conj           20%        1d4       12%         1
 Call Imp                 Summ           2%         N/A       26%         2
 Ensorcelled Hibernation  Hex/Ice        4%         N/A       26%         2
 Stone Arrow              Conj/Erth      24%        3d8       16%         3
 Petrify                  Tmut/Erth      12%        N/A       50%         4


Dungeon Overview and Level Annotations

Branches:
Dungeon (3/15)

Altars:

Shops:
D:2 *


Innate Abilities, Weirdness & Mutations

You are immune to sickness and miasma.
Your stone body is resilient. (AC +4)
You are immune to poison.
You resist negative energy. (rN+)
You are resistant to electric shocks. (rElec)
You are resistant to unholy torment.
You are immune to petrification.


Message History

Press: ? - help, Shift-Dir - straight line, f - orc
Aim: an orc, wielding a +0 dagger (82% to hit)
The blast of sand hits the orc!
You kill the orc!
The orc priest looks satisfied for a moment.
Casting: Sandblast (safe; 2% risk of failure)
Confirm with . or Enter, or press ? or * to list all spells.
Aiming: Sandblast (safe; 2% risk of failure)
Press: ? - help, Shift-Dir - straight line, f - orc priest
Aim: an orc priest, wielding a +0 falchion of holy wrath and wearing a +0 chain mail (87% to hit)
The blast of sand hits the orc priest.
The orc priest is lightly wounded.
Casting: Sandblast (safe; 2% risk of failure)
Confirm with . or Enter, or press ? or * to list all spells.
Aiming: Sandblast (safe; 2% risk of failure)
Press: ? - help, Shift-Dir - straight line, f/p - orc priest
Aim: an orc priest, wielding a +0 falchion of holy wrath and wearing a +0 chain mail (lightly wounded, 87% to hit)
The blast of sand hits the orc priest but does no damage.
The orc priest is lightly wounded.
The orc priest calls down the wrath of Beogh upon you.
Beogh smites you!
Casting: Sandblast (safe; 2% risk of failure)
Confirm with . or Enter, or press ? or * to list all spells.
Aiming: Sandblast (safe; 2% risk of failure)
Press: ? - help, Shift-Dir - straight line, f/p - orc priest
Aim: an orc priest, wielding a +0 falchion of holy wrath and wearing a +0 chain mail (lightly wounded, 87% to hit)
The blast of sand hits the orc priest but does no damage.
The orc priest is lightly wounded.
The orc priest invokes the aid of Beogh against you.
Beogh smites you!
* * * LOW HITPOINT WARNING * * *
Casting: Sandblast (safe; 2% risk of failure)
Confirm with . or Enter, or press ? or * to list all spells.
Aiming: Sandblast (safe; 2% risk of failure)
Press: ? - help, Shift-Dir - straight line, f/p - orc priest
Aim: an orc priest, wielding a +0 falchion of holy wrath and wearing a +0 chain mail (lightly wounded, 87% to hit)
The blast of sand hits the orc priest.
The orc priest is moderately wounded.
The orc priest hits you with a +0 falchion of holy wrath!
You die...

################
#.......@o)....#
#.############.#
#.# #.#
#########.######
..............>#
#########..###.#
#..# #.#
#..###.#


You could see an orc priest.

Vanquished Creatures
  An orc priest (D:3)
  5 adders
  A worm (D:2)
  A dart slug (D:2)
  11 orcs
  5 ball pythons
  4 endoplasms
  4 giant cockroaches
  5 goblins
  5 hobgoblins
  A quokka (D:2)
  6 bats
  3 frilled lizards (D:3)
  A kobold (D:1)
  6 rats
59 creatures vanquished.

Vanquished Creatures (others)
  5 toadstools (D:1)
5 creatures vanquished.

Grand Total: 64 creatures vanquished

Notes
Turn   | Place    | Note
-------+----------+-------------------------------------------
     0 | D:1      | Coaxmetal the Gargoyle Earth Elementalist began the quest
                  | for the Orb.
     0 | D:1      | Reached XP level 1. HP: 10/10 MP: 3/3
   397 | D:1      | Reached XP level 2. HP: 16/16 MP: 1/5
  1251 | D:2      | Reached skill level 1 in Fighting
  1348 | D:2      | Reached skill level 4 in Earth Magic
  1348 | D:2      | Reached XP level 3. HP: 20/20 MP: 4/6
  1421 | D:2      | Found Buan's General Store.
  1791 | D:2      | Reached XP level 4. HP: 26/26 MP: 5/7
  1834 | D:2      | Found a faded altar of an unknown god.
  2317 | D:3      | Learned a level 3 spell: Mephitic Cloud
  2321 | D:3      | Learned a level 3 spell: Swiftness
  2731 | D:3      | Reached XP level 5. HP: 30/30 MP: 7/9
  2809 | D:3      | Slain by an orc priest

Illustrated notes

Levels and vault maps discovered:
D:1:      ldierk_walled_garden, layout_loops_ring, serial_co_window_serial,
          co_window_corner_a, co_window_corner_a, co_window_paths_b,
          co_window_corner_a, co_window_paths_a, co_window_paths_c,
          co_window_corner_cb, co_window_paths_c, co_window_corner_b,
          co_window_corner_b, co_window_broadway_b, co_window_paths_c,
          glass_columns_c, glass_columns_b, glass_columns_a, glass_columns_a,
          minmay_crystal_water
D:2:      layout_basic, serial_shops, shop, hellmonk_ecumenical_altar_lost_god,
          grunt_ministairs_3, chequers_serial_rivers_micro_d,
          guppyfry_early_orc_mine
D:3:      layout_basic

Skill      XL: |  1  2  3  4 |
---------------+-------------+-----
Fighting       | 1 2 |  2.1
Dodging        | 2 |  2.4
Earth Magic    | 4 |  4.5
Stealth        | |  2.1
Spellcasting   | |  2.8
Conjurations   | |  0.9
Transmutations | |  0.7
Air Magic      | |  0.4
Poison Magic   | |  0.8

Action                   |  1- 3 |  4- 6 || total
-------------------------+-------+-------++-------
Melee: Unarmed           |     8 |       ||     8
       Short sword       |     1 |       ||     1
 Fire: Sling             |    20 |    27 ||    47
 Cast: Sandblast         |    37 |    40 ||    77
Armor: Robe              |    10 |    14 ||    24
Dodge: Dodged            |    18 |    17 ||    35
